[Event "Team 45 45 League T48"]
[Site "Internet Chess Club"]
[Date "2011.03.11"]
[Round "5"]
[White "chessateer"]
[Black "VietLion"]
[Result "1-0"]
[WhiteElo "1882"]
[BlackElo "1896"]
[Opening "Réti opening"]
[ECO "A04"]
[Time "17:00:39"]
[TimeControl "2700+45"]

1. Nf3 d6 2. g3 g6 3. Bg2 Bg7 4. O-O Nf6 5. d4 O-O 6. c4 c6 7. Nc3 Na6 8. Bg5
Bf5 9. Qd2 Qd7 10. Rfe1 Bh3 11. e4 Bxg2 12. Kxg2 Rfe8 13. Rad1 Nc7 14. e5 dxe5
15. dxe5 Qxd2 16. Rxd2 Ng4 17. h3 Nh6 18. Rd7 Ne6 19. Bxe7 Nf5 20. Bf6 Nc5 21.
Rdd1 Bf8 22. g4 Ng7 23. b4 Nce6 24. a3 a5 25. c5 axb4 26. axb4 Ra3 27. Ne4 Nf4+
28. Kg3 Nge6 29. Re3 Ra4 30. Nd6 Bxd6 31. exd6 Nd5 32. Rxd5 cxd5 33. d7 Rf8 34.
Nd4 Nxd4 35. Bxd4 Raa8 36. b5 h6 37. c6 bxc6 38. bxc6 Rad8 39. Bf6 Kh7 40. Bxd8
Rxd8 {Black resigns} 1-0

[Event "Team 45 45 League T48"]
[Site "Internet Chess Club"]
[Date "2011.03.11"]
[Round "5"]
[White "Bacon1290"]
[Black "fishhead"]
[Result "1-0"]
[WhiteElo "1730"]
[BlackElo "1719"]
[Opening "Alekhine's defense: Scandinavian variation"]
[ECO "B02"]
[Time "16:00:15"]
[TimeControl "2700+45"]

1. e4 Nf6 2. Nc3 d5 3. e5 d4 4. exf6 dxc3 5. fxg7 cxd2+ 6. Qxd2 Qxd2+ 7. Bxd2
Bxg7 8. O-O-O Bf5 9. Nf3 Nd7 10. Bc4 e6 11. Rhe1 O-O-O 12. Nh4 Bg4 13. f3 Bh5
14. g4 Bg6 15. Nxg6 hxg6 16. Bf4 e5 17. Bg3 f5 18. h4 f4 19. Bf2 Nb6 20. Be6+
Kb8 21. Rxd8+ Rxd8 22. Rd1 Rxd1+ 23. Kxd1 c6 24. g5 Nd5 25. Bf7 Ne7 26. Ke1 b6
27. Kf1 Kc7 28. Kg2 Kd6 29. Kh3 e4 30. fxe4 Bxb2 31. Kg4 Ke5 32. Kf3 c5 33. Be1
Nc6 34. Bxg6 Nd4+ 35. Kg4 Nxc2 36. Bd2 Ne3+ 37. Kf3 Bd4 38. h5 c4 39. h6 c3 40.
Bc1 c2 41. h7 Ke6 42. Kxf4 Nd1 43. Bf5+ Kf7 44. e5 Kg7 45. Bxc2 Nc3 46. e6 Nxa2
47. e7 Kf7 48. Ba3 {Black resigns} 1-0

[Event "Team 45 45 League T48"]
[Site "Internet Chess Club"]
[Date "2011.03.14"]
[Round "5"]
[White "OxidisedLizard"]
[Black "CARLOK"]
[Result "1-0"]
[WhiteElo "1872"]
[BlackElo "1664"]
[Opening "Sicilian: Najdorf, Opocensky variation"]
[ECO "B92"]
[Time "16:30:19"]
[TimeControl "2700+45"]

1. e4 c5 2. Nf3 d6 3. d4 cxd4 4. Nxd4 Nf6 5. Nc3 a6 6. Be2 e5 7. Nb3 Be7 8. f4
b5 9. Be3 Bb7 10. Nd5 Nxd5 11. exd5 Nd7 12. Qd2 Rc8 13. a4 b4 14. a5 O-O 15. Rd1
exf4 16. Bxf4 Rb8 17. O-O Qc7 18. Bd3 Nc5 19. Nxc5 Qxc5+ 20. Rf2 Kh8 21. Qe2 Bh4
22. Bg3 Bxg3 23. hxg3 Qxd5 24. Rf5 Qd4+ 25. Kh2 Rbe8 26. Qf1 Qg4 27. Rf4 Qe6 28.
Rxb4 Ba8 29. Rh4 g6 30. Bxa6 d5 31. Bd3 h5 32. Qf4 Qe3 33. Qf6+ Kh7 34. Rxh5+
{Black resigns} 1-0

[Event "Team 45 45 League T48"]
[Site "Internet Chess Club"]
[Date "2011.03.14"]
[Round "5"]
[White "mickeys"]
[Black "kabindra"]
[Result "1-0"]
[WhiteElo "1982"]
[BlackElo "1796"]
[Opening "Grünfeld with e3 & Qb3"]
[ECO "D95"]
[Time "17:00:12"]
[TimeControl "2700+45"]

1. d4 Nf6 2. Nf3 g6 3. c4 Bg7 4. Nc3 d5 5. e3 O-O 6. Qb3 c6 7. Bd2 Ne4 8. cxd5
Nxc3 9. dxc6 Nxc6 10. Bxc3 b6 11. Bc4 Bg4 12. Ng5 e6 13. Nxe6 fxe6 14. Bxe6+
Bxe6 15. Qxe6+ Kh8 16. Qxc6 Rc8 17. Qb5 Qh4 18. O-O Rf5 19. Qd3 Rh5 20. h3 Rg5
21. e4 Re8 22. f4 Rg3 23. Rf3 Rxf3 24. Qxf3 Bh6 25. Rf1 Rf8 26. d5+ Kg8 27. Be5
Qe7 28. Qc3 Qd7 29. d6 Rc8 30. Qb3+ Kf8 31. f5 Rc1 32. Rxc1 Bxc1 33. Qe6 Qxe6
34. fxe6 Bg5 35. g3 Ke8 36. h4 Be3+ 37. Kg2 Bc5 38. a3 a5 39. Kf3 h6 40. g4 b5
41. h5 gxh5 42. gxh5 b4 43. axb4 axb4 44. b3 Bb6 45. Ke2 Ba5 46. Kd3 Bd8 47. Kc4
Ba5 48. Kb5 {Black resigns} 1-0

[Event "Team 45 45 League T48"]
[Site "Internet Chess Club"]
[Date "2011.03.11"]
[Round "5"]
[White "loserloser"]
[Black "pishd"]
[Result "0-1"]
[WhiteElo "1769"]
[BlackElo "1752"]
[Opening "Caro-Kann: Rasa-Studier gambit"]
[ECO "B15"]
[Time "11:42:45"]
[TimeControl "2700+45"]

1. e4 c6 2. d4 d5 3. Nc3 dxe4 4. f3 exf3 5. Nxf3 Bf5 6. Bc4 Nf6 7. O-O e6 8. Bg5
Be7 9. Qe2 O-O 10. Rad1 Nbd7 11. Kh1 Qb6 12. Bb3 a5 13. Ne5 Bb4 14. Na4 Qa6 15.
Qxa6 Rxa6 16. a3 Bd6 17. Bf4 Be7 18. Nc3 b5 19. a4 b4 20. Ne2 Nxe5 21. dxe5 Nd5
22. Nd4 Bg4 23. Rd2 Nxf4 24. Rxf4 Bg5 25. Rxg4 Bxd2 26. Nf3 Rd8 27. Nxd2 Rxd2
28. h4 c5 29. Re4 Rd4 30. Rxd4 cxd4 31. Kg1 Rc6 32. Kf2 Rc5 33. Ke2 Rxe5+ 34.
Kd3 {White resigns} 0-1

[Event "Team 45 45 League T48"]
[Site "Internet Chess Club"]
[Date "2011.03.14"]
[Round "5"]
[White "cknights"]
[Black "vaknight"]
[Result "1/2-1/2"]
[WhiteElo "1830"]
[BlackElo "1755"]
[Opening "Dutch defense"]
[ECO "A92"]
[Time "19:00:11"]
[TimeControl "2700+45"]

1. d4 f5 2. c4 Nf6 3. Nf3 e6 4. g3 Be7 5. Bg2 O-O 6. O-O c6 7. Qc2 d5 8. b3 Ne4
9. Nc3 Nd7 10. Bb2 Qe8 11. e3 Bd6 12. Ne2 h6 13. Nf4 g5 14. Nd3 g4 15. Nfe5 Ndf6
16. Rad1 Kg7 17. Qe2 h5 18. f3 Ng5 19. f4 Nge4 20. Qe1 Rh8 21. Nf2 Be7 22. Nxe4
Nxe4 23. Bxe4 fxe4 24. Qe2 Qf8 25. Rf2 Bf6 26. Rdf1 Qe7 27. a3 Bd7 28. Nxd7 Qxd7
29. f5 Raf8 30. fxe6 Qxe6 31. Rf5 Kg6 32. R5f4 Be7 33. c5 Rxf4 34. Rxf4 Bg5 35.
Rf1 h4 36. Qf2 hxg3 37. hxg3 Kg7 38. Bc1 Be7 39. Qf5 Qxf5 40. Rxf5 Kg6 41. Rf2
Rh5 {Game drawn by mutual agreement} 1/2-1/2

[Event "Team 45 45 League T48"]
[Site "Internet Chess Club"]
[Date "2011.03.12"]
[Round "5"]
[White "Muravey"]
[Black "cosen"]
[Result "1-0"]
[WhiteElo "1638"]
[BlackElo "1706"]
[Opening "Caro-Kann: Panov-Botvinnik attack, 5...e6"]
[ECO "B14"]
[Time "17:00:06"]
[TimeControl "2700+45"]

1. e4 c6 2. d4 d5 3. exd5 cxd5 4. c4 e6 5. Nc3 Nf6 6. Nf3 Nc6 7. Be2 g6 8. O-O
Bg7 9. Be3 O-O 10. Qd2 Ne4 11. Qc2 Nf6 12. c5 Nb4 13. Qa4 Nc6 14. b4 Ne7 15. b5
Bd7 16. Ne5 a6 17. Nxd7 Nxd7 18. bxa6 bxa6 19. Bf4 e5 20. dxe5 Nxe5 21. Rac1 Rc8
22. Bxa6 Rxc5 23. Be3 Ra5 24. Qb4 Rxa6 25. Qb5 Qa8 26. Bc5 Rb8 27. Qe2 N7c6 28.
Nxd5 Rxa2 29. Qe4 Rbb2 30. Nb6 Qd8 31. Rcd1 Rd2 32. Nd5 Rxd1 33. Rxd1 Qa8 34.
Qb1 Nf3+ 35. gxf3 Ra1 36. Qd3 Rxd1+ 37. Qxd1 h6 38. Ne7+ Nxe7 39. Bxe7 Kh7 40.
Bh4 Qa2 41. Bg3 h5 42. Kg2 Qb2 43. h4 Qf6 44. Qd5 Qe6 45. Qxe6 fxe6 46. f4 Bd4
47. Kf3 Kg7 48. Ke4 Ba1 49. f3 Kf6 50. Bh2 Bb2 51. Bg3 Bc3 52. Bf2 Bd2 53. Bb6
Be1 54. Bd8+ Kf7 55. Bg5 Bc3 56. Kd3 Be1 57. Kc4 Bg3 58. Kc5 Bf2+ 59. Kd6 Be3
60. Kd7 Bc1 61. f5 gxf5 62. Bxc1 e5 63. Kd6 e4 64. f4 Kf6 65. Be3 Kf7 66. Ke5
Kg6 67. Ke6 Kh6 68. Kxf5 Kg7 69. Kxe4 Kf6 70. f5 Kf7 71. Kf4 Kf6 72. Bd4+ Kf7
73. Kg5 Kg8 74. Kxh5 Kf7 75. Kg5 Kg8 76. Kf6 Kf8 77. Ke6 Kg8 78. f6 Kf8 79. h5
{Black resigns} 1-0

[Event "Team 45 45 League T48"]
[Site "Internet Chess Club"]
[Date "2011.03.13"]
[Round "5"]
[White "cityprosecutor"]
[Black "tsia68"]
[Result "0-1"]
[WhiteElo "1695"]
[BlackElo "1914"]
[Opening "King's pawn opening"]
[ECO "B07"]
[Time "16:11:13"]
[TimeControl "2700+45"]

1. e4 d6 2. g3 g6 3. Bg2 Bg7 4. Nf3 c5 5. d3 Nc6 6. Nbd2 e6 7. a4 Nge7 8. h4 h6
9. c3 Rb8 10. O-O a6 11. Nc4 b5 12. axb5 axb5 13. Ne3 O-O 14. Ng4 Kh7 15. Qd2
Ng8 16. Re1 h5 17. Ngh2 e5 18. Ng5+ Kh8 19. f4 f6 20. Nh3 Nh6 21. f5 Qe8 22. Qe2
Ne7 23. Bf3 Qf7 24. Ra7 Rb7 25. Rxb7 Bxb7 26. Kf2 gxf5 27. Bxh5 Ng4+ 28. Bxg4
fxg4 29. Qxg4 Bc8 30. Qf3 Bxh3 31. g4 f5 32. exf5 Nxf5 33. gxf5 Qxf5 34. Qxf5
Bxf5 35. Ke2 e4 36. dxe4 Bxe4 37. Rf1 Rxf1 38. Nxf1 Be5 39. Bg5 Kg7 40. Nd2 Bg6
41. Nf3 Bg3 42. Ke3 Kf7 43. Bf4 Bxf4+ 44. Kxf4 Kf6 45. Ng5 d5 46. Nf3 Bh5 47.
Ne5 Be8 48. Nd3 c4 49. Nb4 Bf7 50. Nc6 Bh5 51. Nb8 Be8 52. Na6 Bc6 53. Nc7 d4
54. cxd4 b4 55. d5 c3 56. bxc3 b3 57. dxc6 b2 58. Nd5+ Ke6 59. c7 Kd7 60. c4
b1=Q 61. Ke5 Qe1+ 62. Kd4 Qxh4+ 63. Kc5 Qf2+ 64. Kb5 Qb2+ 65. Kc5 Qa3+ 66. Kb5
Qb3+ 67. Kc5 Kc8 68. Kd6 Qg3+ 69. Kc6 Qg6+ 70. Kb5 Qe6 71. Kc5 Kb7 72. Kd4 Qd6
73. Kc3 Qc5 74. Kd3 Kc8 75. Kc3 Kd7 76. Kd3 Ke6 77. Kc3 Ke5 78. Kb3 Kd4 79. Kb2
Qxc4 {White resigns} 0-1

[Event "Team 45 45 League T48"]
[Site "Internet Chess Club"]
[Date "2011.03.10"]
[Round "5"]
[White "Eyechess"]
[Black "zap2"]
[Result "1-0"]
[WhiteElo "1915"]
[BlackElo "1807"]
[Opening "Catalan: closed, 6...Nbd7"]
[ECO "E07"]
[Time "16:34:57"]
[TimeControl "2700+45"]

1. d4 Nf6 2. c4 e6 3. g3 d5 4. Nf3 Be7 5. Bg2 O-O 6. O-O Nbd7 7. Nc3 b6 8. Qc2
Bb7 9. cxd5 exd5 10. Bf4 a6 11. e3 Rc8 12. Qf5 g6 13. Qc2 Re8 14. Bh3 Nh5 15.
Bh6 Bf6 16. Qb3 c6 17. Bxd7 Qxd7 18. Qxb6 Rb8 19. Na4 Bd8 20. Nc5 Qg4 21. Qa7
Ba5 22. Nxb7 Rxb7 23. Qxb7 Qxf3 24. Qxa6 Bd2 25. Qxc6 Qe4 26. Rfd1 Ba5 27. Rdc1
Bd8 28. Rc5 Nf6 29. Bg5 Re6 30. Qa8 Re8 31. Bxf6 Bxf6 32. Qxd5 Qd3 33. Rc7 Rf8
34. Rac1 Qe2 35. Rc8 Qxb2 36. Rxf8+ Kxf8 37. Rc8+ Kg7 38. Rc7 Qb1+ 39. Kg2 Qf5
40. Qxf7+ Kh6 41. Qxh7+ Kg5 42. Qh4# {Black checkmated} 1-0

[Event "Team 45 45 League T48"]
[Site "Internet Chess Club"]
[Date "2011.03.14"]
[Round "5"]
[White "jps7"]
[Black "Duguesclin"]
[Result "0-1"]
[WhiteElo "1660"]
[BlackElo "1757"]
[Opening "Queen's pawn game, Rubinstein (Colle-Zukertort) variation"]
[ECO "D05"]
[Time "12:15:13"]
[TimeControl "2700+45"]

1. d4 Nf6 2. Nf3 e6 3. e3 d5 4. Bd3 c5 5. b3 Qc7 6. Nbd2 Nc6 7. a3 Bd7 8. Bb2
Rc8 9. c4 b6 10. O-O Be7 11. Ne5 cxd4 12. exd4 O-O 13. Rc1 Qb7 14. f4 Rfd8 15.
Rf3 Be8 16. Rh3 g6 17. b4 dxc4 18. Ndxc4 Nxd4 19. Bxd4 Rxd4 20. Qf1 Nd5 21. Rf3
f6 22. Ng4 Bc6 23. Qf2 Nxb4 24. Qxd4 Bxf3 25. axb4 Bxg4 26. Be4 Qc7 27. Rc2 Qxf4
28. h3 Bf5 29. Qd7 Qc7 30. Qxc7 Rxc7 31. Bxf5 exf5 32. b5 f4 33. Kf2 Rc5 34. Kf3
Rxb5 35. Kxf4 Rb4 36. Kf3 Bc5 37. Nd2 f5 38. Ke2 Kf7 39. Ra2 a5 40. Nf3 Kf6 41.
Rd2 Re4+ 42. Kd3 a4 43. Kc2 Bb4 44. Rf2 h5 45. h4 b5 46. g3 Bc5 47. Rd2 a3 48.
Ng5 Rb4 49. Nh7+ Ke5 50. Re2+ Re4 51. Rd2 b4 52. Ng5 Re3 53. Rg2 b3+ 54. Kd1 a2
{White resigns} 0-1

[Event "Team 45 45 League T48"]
[Site "Internet Chess Club"]
[Date "2011.03.12"]
[Round "5"]
[White "room-matt"]
[Black "UnderRated"]
[Result "1-0"]
[WhiteElo "1649"]
[BlackElo "1587"]
[Opening "Sicilian: Scheveningen, Keres attack"]
[ECO "B81"]
[Time "11:01:56"]
[TimeControl "2700+45"]

1. e4 c5 2. Nf3 e6 3. d4 cxd4 4. Nxd4 Nf6 5. Nc3 d6 6. g4 h6 7. h4 Nc6 8. Rg1 d5
9. Bb5 Bd7 10. exd5 Nxd5 11. Nxd5 exd5 12. Qe2+ Be7 13. Nf5 Bxf5 14. gxf5 Kd7
15. Rxg7 Qf8 16. Rg4 Bb4+ 17. c3 Re8 18. Be3 Bd6 19. O-O-O a6 20. Bxc6+ bxc6 21.
Qxa6 Ra8 22. Qb7+ Bc7 23. Kb1 Rb8 24. Qa7 Ra8 25. Qd4 Qe7 26. Re4 Qd6 27. Bf4
Qf8 28. Bxc7 Kxc7 29. Rg4 Qe7 30. Rg7 Rhg8 31. Qf4+ Kb7 32. f6 Qe6 33. Rg3 Qe2
34. Qd4 Qa6 35. a3 Rab8 36. Ka2 Ka8 37. Rxg8 Rxg8 38. Re1 Rb8 39. Re7 Rb7 40.
Re5 Qb5 41. b4 Rb8 42. Re7 Rb7 43. Re8+ Rb8 44. Rxb8+ Kxb8 45. Qe5+ Ka7 46. Qe7+
Qb7 47. Kb3 Kb6 48. a4 Qc7 49. a5+ Kb7 50. Ka4 Kc8 51. Qxc7+ Kxc7 52. b5 c5 53.
b6+ Kc6 54. f4 h5 55. f5 {Black resigns} 1-0

[Event "Team 45 45 League T48"]
[Site "Internet Chess Club"]
[Date "2011.03.10"]
[Round "5"]
[White "alexping"]
[Black "BlackHorse"]
[Result "0-1"]
[WhiteElo "1936"]
[BlackElo "2054"]
[Opening "King's Indian: 4.e4"]
[ECO "E70"]
[Time "21:35:58"]
[TimeControl "2700+45"]

1. d4 Nf6 2. c4 g6 3. Nc3 Bg7 4. e4 d6 5. Bd3 O-O 6. Nge2 c5 7. d5 Nbd7 8. O-O
e6 9. Bf4 Ne5 10. h3 exd5 11. Bxe5 dxe5 12. cxd5 a6 13. a4 Qd6 14. Qc2 b6 15.
Rab1 Bd7 16. Rfc1 Bh6 17. Rd1 Ne8 18. Ng3 Nc7 19. Qe2 f5 20. Nf1 f4 21. Nd2 Qf6
22. Nc4 b5 23. d6 bxc4 24. Bxc4+ Ne6 25. Nd5 Qg5 26. Nc7 f3 27. Qf1 fxg2 28.
Qxg2 Qf6 29. Nxa8 Rxa8 30. b4 cxb4 31. Rxb4 Rd8 32. Rb6 Kh8 33. Bxe6 Qxe6 34.
Rxa6 Qb3 35. Re1 Bxh3 36. Qg3 Qe6 37. Rd1 Bf4 38. Qh4 g5 39. Qh5 Bg4 40. d7 Bxd1
41. Qe8+ Qxe8 {White resigns} 0-1

[Event "Team 45 45 League T48"]
[Site "Internet Chess Club"]
[Date "2011.03.13"]
[Round "5"]
[White "BuddyT"]
[Black "MontanaSky"]
[Result "1/2-1/2"]
[WhiteElo "1756"]
[BlackElo "1808"]
[Opening "Queen's pawn: Torre attack"]
[ECO "A46"]
[Time "20:30:53"]
[TimeControl "2700+45"]

1. d4 Nf6 2. Nf3 e6 3. Bg5 Be7 4. Nbd2 d5 5. e3 b6 6. Bd3 Bb7 7. O-O Nbd7 8. Qe2
Ne4 9. Bxe7 Qxe7 10. Ne1 O-O 11. f3 Nxd2 12. Qxd2 c5 13. c3 f5 14. f4 Nf6 15.
Nf3 a5 16. Qe2 Ne4 17. Rfd1 Kh8 18. Ne5 Nd6 19. Qh5 Rf6 20. Qh4 Qd8 21. g4 Nf7
22. Nxf7+ Rxf7 23. g5 g6 24. Kf2 h5 25. Be2 Rh7 26. Rd2 Qc7 27. Kg1 a4 28. Qe1
Ba6 29. Bd1 Bc4 30. Bc2 Qb8 31. Qb1 Rha7 32. b3 axb3 33. Bxb3 Bxb3 34. Qxb3 Ra3
35. Qb2 cxd4 36. Rxd4 Qc7 37. Rd3 d4 38. Rxd4 Qxc3 39. Qxc3 Rxc3 40. Kf2 Rc2+
41. Kg3 Ra3 42. Re1 Raxa2 43. Rg1 Rxh2 44. Rd8+ Kg7 45. Rd7+ Kf8 46. Rd8+ Ke7
47. Rh8 h4+ 48. Rxh4 Rxh4 49. Kxh4 Rb2 50. Kg3 Rb4 51. Ra1 e5 52. Ra7+ Ke6 53.
Rg7 exf4+ 54. exf4 Rb3+ 55. Kg2 Rb4 56. Kg3 Rb3+ 57. Kg2 Kd5 58. Rxg6 Ke4 59.
Re6+ Kxf4 60. g6 Rg3+ 61. Kf2 b5 62. Rb6 Rg4 63. Rxb5 Rxg6 64. Rb4+ Kg5 65. Rb3
Rh6 66. Kg2 Re6 67. Kf2 f4 68. Ra3 Kg4 69. Rb3 Rc6 70. Ra3 Rc2+ 71. Kf1 f3 72.
Ra8 Rc5 73. Rg8+ Rg5 74. Rxg5+ Kxg5 75. Kf2 Kf4 76. Kf1 Kg3 77. Kg1 {Game drawn
by mutual agreement} 1/2-1/2

[Event "Team 45 45 League T48"]
[Site "Internet Chess Club"]
[Date "2011.03.14"]
[Round "5"]
[White "wrimle"]
[Black "rubo"]
[Result "1/2-1/2"]
[WhiteElo "1668"]
[BlackElo "1667"]
[Opening "Caro-Kann: exchange, Rubinstein variation"]
[ECO "B13"]
[Time "16:00:13"]
[TimeControl "2700+45"]

1. e4 c6 2. d4 d5 3. exd5 cxd5 4. Bd3 Nc6 5. c3 Nf6 6. Bf4 e6 7. Nd2 Bd6 8. Bxd6
Qxd6 9. Ngf3 O-O 10. Qc2 h6 11. O-O-O a6 12. h3 b5 13. a3 Na5 14. b4 Nc4 15.
Bxc4 dxc4 16. Ne4 Qf4+ 17. Nfd2 Bb7 18. Nxf6+ Qxf6 19. f3 Rad8 20. Ne4 Qf4+ 21.
Qd2 Qxd2+ 22. Rxd2 Bxe4 23. fxe4 Rd7 24. g4 Rfd8 25. Rf1 f6 26. Rdf2 Rf7 27. e5
Rdf8 28. exf6 Rxf6 29. Rxf6 Rxf6 30. Rxf6 gxf6 31. Kd2 Kf7 32. Ke3 Ke7 33. Ke4
Kd6 34. h4 Kc6 35. Kf4 Kd5 36. Kf3 e5 37. dxe5 Kxe5 38. Ke3 f5 39. Kf3 fxg4+ 40.
Kxg4 Ke4 41. Kh5 Kd3 42. Kxh6 Kxc3 43. Kg6 Kb3 44. h5 c3 45. h6 c2 46. h7 c1=Q
47. h8=Q Qxa3 48. Qh3+ Kxb4 49. Qh4+ Kb3 50. Qg3+ Ka4 51. Qg4+ b4 52. Qd7+ Kb3
53. Qd3+ Ka2 54. Qe2+ Kb1 55. Qe1+ Kc2 56. Qe2+ Kc3 57. Qe3+ Kc4 58. Qe4+ Kb5
59. Qd5+ Kb6 60. Qd6+ Ka5 61. Qd5+ Ka4 62. Qd7+ Kb3 {Game drawn by mutual
agreement} 1/2-1/2

[Event "Team 45 45 League T48"]
[Site "Internet Chess Club"]
[Date "2011.03.11"]
[Round "5"]
[White "KingDestroyer"]
[Black "QueensCounselor"]
[Result "1/2-1/2"]
[WhiteElo "2259"]
[BlackElo "2146"]
[Opening "Petrov: Nimzovich attack"]
[ECO "C42"]
[Time "12:02:03"]
[TimeControl "2700+45"]

1. e4 e5 2. Nf3 Nf6 3. Nxe5 d6 4. Nf3 Nxe4 5. Nc3 Nxc3 6. dxc3 Be7 7. Be3 O-O 8.
Qd2 Nc6 9. O-O-O Ne5 10. Kb1 Re8 11. h4 Be6 12. Nd4 Bc4 13. f4 Bxf1 14. fxe5
dxe5 15. Qf2 exd4 16. Rxd4 Bd6 17. Rxf1 Qe7 18. Rd3 b6 19. g4 Rad8 20. Rfd1 Be5
21. g5 {Game drawn by mutual agreement} 1/2-1/2

[Event "Team 45 45 League T48"]
[Site "Internet Chess Club"]
[Date "2011.03.13"]
[Round "5"]
[White "fledermaus"]
[Black "bwang88"]
[Result "1-0"]
[WhiteElo "1915"]
[BlackElo "1931"]
[Opening "QGD semi-Slav: anti-Meran, Lilienthal variation"]
[ECO "D44"]
[Time "17:00:30"]
[TimeControl "2700+45"]

1. d4 d5 2. c4 e6 3. Nc3 c6 4. Nf3 Nf6 5. Bg5 dxc4 6. e4 b5 7. e5 h6 8. Bh4 g5
9. Nxg5 hxg5 10. Bxg5 Nbd7 11. g3 Bb7 12. Bg2 Qb6 13. exf6 c5 14. d5 O-O-O 15.
O-O b4 16. Rb1 Qa6 17. dxe6 Bxg2 18. Re1 fxe6 19. Kxg2 bxc3 20. Qg4 Bh6 21. h4
Qc6+ 22. f3 c2 23. Rbc1 Qd5 24. Qxe6 Qxe6 25. Rxe6 Bxg5 26. hxg5 Nf8 27. Re2 c3
28. Rcxc2 Rd1 29. bxc3 Rhh1 30. Kf2 Rhf1+ 31. Ke3 c4 32. Rcd2 Rc1 33. Kd4 Ng6
34. f4 Rf3 35. Re8+ Kb7 36. Rg8 Nxf4 37. gxf4 Rxf4+ 38. Kc5 Rxc3 39. Rg7+ Kb8
40. Rd8# {Black checkmated} 1-0

[Event "Team 45 45 League T48"]
[Site "Internet Chess Club"]
[Date "2011.03.11"]
[Round "5"]
[White "brgdgaf"]
[Black "jonesey"]
[Result "1-0"]
[WhiteElo "1978"]
[BlackElo "2049"]
[Opening "King's Indian: fianchetto without c4"]
[ECO "E67"]
[Time "11:03:52"]
[TimeControl "2700+45"]

1. d4 Nf6 2. Nf3 g6 3. g3 Bg7 4. Bg2 O-O 5. O-O d6 6. c4 Nbd7 7. Nc3 Re8 8. e4
e5 9. d5 a5 10. Ne1 Nc5 11. Nd3 b6 12. Nxc5 bxc5 13. a4 Nd7 14. Nb5 Nb6 15. b3
f5 16. f3 Rf8 17. Bd2 f4 18. Qe1 g5 19. Bxa5 Rf6 20. Bc3 h5 21. gxf4 Rxf4 22.
Kh1 Nd7 23. Bh3 Nf8 24. Bxc8 Qxc8 25. Bd2 Ng6 26. Bxf4 exf4 27. Ra2 Nh4 28. Qf2
Bf6 29. Rg1 Kh7 30. Qf1 Qd7 31. h3 Ng6 32. Kh2 Ne5 33. h4 g4 34. fxg4 Nxg4+ 35.
Kh1 Bxh4 36. Qxf4 Qe7 37. Qf5+ Kg7 38. Rag2 Bg3 39. Rxg3 Qh4+ 40. Kg2 Rf8 41.
Rh1 {Black resigns} 1-0

[Event "Team 45 45 League T48"]
[Site "Internet Chess Club"]
[Date "2011.03.12"]
[Round "5"]
[White "fishhead"]
[Black "Philly-Boy"]
[Result "1-0"]
[WhiteElo "1742"]
[BlackElo "1860"]
[Opening "Scandinavian defense"]
[ECO "B01"]
[Time "13:00:36"]
[TimeControl "2700+45"]

1. e4 d5 2. exd5 Nf6 3. d4 Bg4 4. f3 Bf5 5. Bd3 Bxd3 6. Qxd3 Nxd5 7. c4 Nb4 8.
Qc3 e6 9. a3 N8c6 10. Ne2 a5 11. O-O Na6 12. Be3 Be7 13. Nd2 Bf6 14. Ne4 O-O 15.
Rad1 Qe7 16. Nf4 Rfd8 17. Nh5 Bh4 18. g3 Bf6 19. Nhxf6+ gxf6 20. d5 Ne5 21.
Nxf6+ Kg7 22. Ng4 f6 23. Nxf6 Qxf6 24. Bd4 Kg8 25. Bxe5 Qf7 26. Rd4 exd5 27.
Rg4+ Kf8 28. Rf4 {Black resigns} 1-0

[Event "Team 45 45 League T48"]
[Site "Internet Chess Club"]
[Date "2011.03.11"]
[Round "5"]
[White "Buckeye22"]
[Black "DavidBarnsley"]
[Result "1-0"]
[WhiteElo "2027"]
[BlackElo "1972"]
[Opening "Dutch: Staunton gambit, Staunton's line"]
[ECO "A83"]
[Time "15:00:50"]
[TimeControl "2700+45"]

1. d4 f5 2. e4 fxe4 3. Nc3 Nf6 4. Bg5 Nc6 5. d5 Ne5 6. Qe2 Nf7 7. h4 c6 8. O-O-O
Qb6 9. Nh3 e5 10. dxe6 dxe6 11. Bxf6 gxf6 12. Nxe4 Be7 13. Qh5 Bd7 14. Bd3 Rf8
15. g4 O-O-O 16. Qxh7 e5 17. Bc4 Be8 18. Rxd8+ Qxd8 19. Rd1 Qc7 20. Nxf6 Nd6 21.
Be6+ Kb8 22. Nxe8 Rxe8 23. Bb3 Rf8 24. Kb1 Nb5 25. c3 e4 26. Qxe4 Bxh4 27. g5
Rh8 28. a4 Nd6 29. Qd4 {Black resigns} 1-0

[Event "Team 45 45 League T48"]
[Site "Internet Chess Club"]
[Date "2011.03.15"]
[Round "5"]
[White "Camden772"]
[Black "jefferyx"]
[Result "1/2-1/2"]
[WhiteElo "1791"]
[BlackElo "2002"]
[Opening "Sicilian: closed"]
[ECO "B24"]
[Time "16:51:54"]
[TimeControl "2700+45"]

1. e4 c5 2. Nc3 Nc6 3. g3 g6 4. Bg2 Bg7 5. d3 e6 6. Be3 d6 7. Qd2 Rb8 8. Nf3 Nd4
9. Bxd4 cxd4 10. Nb5 e5 11. Nxa7 Qb6 12. Nxc8 Rxc8 13. O-O Bh6 14. Qe2 Qxb2 15.
Rfb1 Qc3 16. a4 Ne7 17. Ra2 Qc6 18. Bh3 Rc7 19. Nd2 Bxd2 20. Qxd2 O-O 21. a5 Ra8
22. f4 Ra7 23. f5 d5 24. Bg2 dxe4 25. Bxe4 Qc5 26. f6 Nc8 27. Qh6 Qf8 28. Qxf8+
Kxf8 29. Rb5 Ke8 30. Rxe5+ Kd8 31. Rb2 Rd7 32. Rd5 Rxd5 33. Bxd5 Nd6 34. Rb4
Rxa5 35. Bxb7 Ra1+ 36. Kg2 Nf5 37. Kh3 Ra7 38. g4 Ne3 39. Rxd4+ Kc7 40. Bd5 Nxc2
41. Rc4+ Kd6 42. Rxc2 Kxd5 43. Re2 Ra3 44. Re7 Rxd3+ 45. Kh4 h6 46. Rd7+ Ke4 47.
Rxf7 Ke5 48. Rh7 Kxf6 49. Rxh6 Kg7 50. g5 Rd4+ 51. Kg3 Rd5 52. Kf4 Rd4+ 53. Kf3
Rd5 {Game drawn by mutual agreement} 1/2-1/2

[Event "Team 45 45 League T48"]
[Site "Internet Chess Club"]
[Date "2011.03.10"]
[Round "5"]
[White "Tadiran"]
[Black "JFlamer"]
[Result "1-0"]
[WhiteElo "1958"]
[BlackElo "1772"]
[Opening "Benoni defense"]
[ECO "A61"]
[Time "21:15:07"]
[TimeControl "2700+45"]

1. d4 c5 2. d5 e6 3. c4 Nf6 4. Nc3 d6 5. Nf3 Be7 6. e4 e5 7. h3 Qa5 8. Bd3 Bd7
9. O-O O-O 10. Bd2 Qc7 11. Ne1 Qb6 12. Qc2 Na6 13. a3 Qc7 14. f4 exf4 15. Bxf4
Nh5 16. Bh2 Nf6 17. Nf3 h6 18. Rae1 Ne8 19. e5 dxe5 20. Nxe5 Bd6 21. Bh7+ Kh8
22. Rxf7 Nf6 23. Qg6 Rg8 24. Rxd7 Qxd7 25. Nxd7 Bxh2+ 26. Kxh2 Nxh7 27. Re7 Nc7
28. Nxc5 Ne8 29. N3e4 Nef6 30. Nxf6 Nxf6 31. Ne6 Ne8 32. Ng5 hxg5 33. Qh5#
{Black checkmated} 1-0

[Event "Team 45 45 League T48"]
[Site "Internet Chess Club"]
[Date "2011.03.13"]
[Round "5"]
[White "SuperMinor"]
[Black "Walker42"]
[Result "0-1"]
[WhiteElo "1825"]
[BlackElo "2101"]
[Opening "Réti: King's Indian attack"]
[ECO "A05"]
[Time "15:00:58"]
[TimeControl "2700+45"]

1. Nf3 Nf6 2. g3 g6 3. Bg2 Bg7 4. O-O O-O 5. d3 d6 6. e4 e5 7. Nbd2 c5 8. c3 Nc6
9. Re1 Ne8 10. Nf1 f5 11. Ne3 Nf6 12. exf5 gxf5 13. Nh4 Ne7 14. Qb3+ Kh8 15.
Bxb7 Rb8 16. Qc2 Bxb7 17. Nhxf5 Nxf5 18. Nxf5 Qd7 19. Nh4 Qc6 20. f3 Ng4 21. Qg2
Qb5 22. c4 Qb4 23. Qe2 Rxf3 24. Bd2 e4 25. Bxb4 Bd4+ 26. Kh1 Rf2 27. Qxg4 exd3+
28. Re4 Re2 29. Bc3 Rxe4 30. Qxe4 Bxe4+ 31. Ng2 Bxc3 32. bxc3 Rb2 33. Rg1 Rxg2
34. Rxg2 d2 {White resigns} 0-1

[Event "Team 45 45 League T48"]
[Site "Internet Chess Club"]
[Date "2011.03.12"]
[Round "5"]
[White "upsan"]
[Black "Gregorio"]
[Result "0-1"]
[WhiteElo "1760"]
[BlackElo "2018"]
[Opening "Scotch game"]
[ECO "C45"]
[Time "21:01:19"]
[TimeControl "2700+45"]

1. e4 e5 2. Nf3 Nc6 3. d4 exd4 4. Nxd4 Nge7 5. Nc3 d6 6. Be2 g6 7. Be3 Bg7 8.
Qd2 O-O 9. O-O-O Re8 10. h4 Ne5 11. f3 N7c6 12. Nxc6 bxc6 13. h5 Be6 14. hxg6
fxg6 15. Bg5 Qb8 16. Qf4 Qb4 17. Qh4 Rab8 18. Bf6 h5 19. Bxg7 Kxg7 20. g4 Nf7
21. gxh5 Qxb2+ 22. Kd2 Qb4 23. hxg6 Qd4+ 24. Bd3 Rh8 25. Qg3 Ne5 26. Rh7+ Rxh7
27. gxh7+ Kh8 28. Rg1 Nxd3 29. Ne2 Qe5 30. Kxd3 Qxg3 31. Rxg3 Kxh7 32. c4 d5 33.
cxd5 cxd5 34. exd5 Bxd5 35. Nc3 Bc6 36. f4 Rb4 37. Ke3 Rc4 38. Ne2 Re4+ 39. Kd3
Ra4 40. Re3 Bb5+ 41. Kc3 Ra3+ 42. Kd4 c5+ {White resigns} 0-1